 Dungeon Crawl Stone Soup version 0.27.0-1-g7a08968 (webtiles) character file.

Game seed: 5423905877259478778

751 tokuyamm9 the Chopper (level 7, -3/63 HPs)
             Began as a Hill Orc Fighter on Aug 14, 2021.
             Slain by a wyvern (7 damage)
             ... on level 6 of the Dungeon.
             The game lasted 00:15:15 (5624 turns).

tokuyamm9 the Chopper (Hill Orc Fighter)            Turns: 5624, Time: 00:15:15

Health: -3/63      AC:  5    Str: 20    XL:     7   Next: 78%
Magic:  7/7        EV:  7    Int: 12    God:
Gold:   224        SH: 17    Dex: 13    Spells: 6/6 levels left

rFire    . . .     SeeInvis .   a - +0 war axe
rCold    . . .     Faith    +   p - +2 tower shield
rNeg     . . .     Spirit   .   w - +0 robe of the Camelopard {Rampage rPois Int+4 Dex+2}
rPois    +         Reflect  .   k - +0 helmet
rElec    .         Harm     .   (no cloak)
rCorr    .         Rampage  +   (no gloves)
Will     .....                  n - +0 pair of boots
Stlth    +.........             s - amulet of faith
HPRegen  0.20/turn              (no ring)
MPRegen  0.10/turn              (no ring)

@: no status effects
A: no striking features
a: no special abilities


You were on level 6 of the Dungeon.
You visited 1 branch of the dungeon, and saw 7 of its levels.

You collected 224 gold pieces.

Inventory:

Hand Weapons
 a - a +0 war axe (weapon)
Missiles
 f - 2 throwing nets
 h - 2 boomerangs (quivered)
Armour
 b - a +0 scale mail
 c - a +0 kite shield
 k - a +0 helmet (worn)
 n - a +0 pair of boots (worn)
 p - a +2 tower shield (worn)
 r - a +0 helmet
 w - the +0 robe of the Camelopard (worn) {Rampage rPois Int+4 Dex+2}
   (You found it on level 6 of the Dungeon)

   Int:       It affects your intelligence (+4).
   Dex:       It affects your dexterity (+2).
   rPois:     It protects you from poison.
   Rampage:   It bestows one free step when moving towards enemies.
Jewellery
 s - an amulet of faith (around neck)
Wands
 v - a wand of polymorph (11)
Scrolls
 g - a scroll of fear {unknown}
 i - 2 scrolls of magic mapping {unknown}
 l - a scroll of teleportation {unknown}
 m - a scroll of enchant weapon {unknown}
 o - a scroll of blinking
 q - a scroll of fog {unknown}
 t - a scroll of enchant armour {unknown}
 u - a scroll of torment {unknown}
 x - 3 scrolls of identify
Potions
 d - a potion of might
 e - 3 potions of curing
 j - a potion of invisibility


   Skills:
 + Level 6.1 Fighting
 + Level 6.1 Axes
 + Level 5.5 Armour
 + Level 5.6 Shields


You had 6 spell levels left.
You didn't know any spells.
Your spell library contained the following spells:

 Spells                   Type           Power      Damage    Failure   Level
 Magic Dart               Conj           0%         1d3       99%         1
 Call Imp                 Summ           0%         N/A       99%         2
 Mephitic Cloud           Conj/Pois/Air  0%         N/A       100%        3


Dungeon Overview and Level Annotations

Branches:
Dungeon (7/15)
 Temple: D:4-7

Altars:
Trog
Wu Jian

Shops:
D:6 (

Annotations:
D:4 Eustachio


Message History

You block the ogre's attack.
You barely miss the ogre.
The ogre is almost dead.
The ogre hits you with a +0 giant club!
You hit the ogre.
The ogre is almost dead.
You block the ogre's attack.
You hit the ogre.
You kill the ogre!
Your Axes skill increases to level 6!
Things that are here:
a +0 giant club; an ogre corpse A wyvern comes into view.
The wyvern hisses angrily.
A wyvern is nearby!
You hit the wyvern but do no damage. You block the wyvern's attack. x2
You hit the wyvern.
The wyvern is moderately wounded.
The wyvern bites you! You block the wyvern's attack. x2
You completely miss the wyvern.
The wyvern is moderately wounded.
The wyvern bites you! You block the wyvern's attack.
You closely miss the wyvern.
The wyvern is moderately wounded.
The wyvern barely misses you. You block the wyvern's attack. x2
You closely miss the wyvern.
The wyvern is moderately wounded.
The wyvern bites you. The wyvern bites you!
You hit the wyvern.
The wyvern is moderately wounded.
The wyvern bites you!
* * * LOW HITPOINT WARNING * * *
The wyvern bites you!
* * * LOW HITPOINT WARNING * * *
You completely miss the wyvern.
The wyvern is moderately wounded.
You block the wyvern's attack. The wyvern bites you.
* * * LOW HITPOINT WARNING * * *
The wyvern bites you!
You die...

........#.......
#..?......
###########.#.######
............#.#
#........##.#.#
#.######.##.#l#
#.##.#.# #.##l#.#
#.##@#.# ##.##.#
###...#.# #...#...#
#.#..)### #.##.##
###### #.##.# .....#
##.##.#
####.####...#.####.#


You could see a wyvern.

Vanquished Creatures
  An ice beast (D:5)
  An ogre (D:6)
  A centaur (D:6)
  A centaur zombie (D:3)
  2 hounds
  A jelly (D:6)
  A bullfrog skeleton (D:4)
  An iguana (D:5)
  3 orc wizards
  A hound zombie (D:5)
  A hound skeleton (D:4)
  8 gnolls
  4 adders (D:3)
  An adder skeleton (D:3)
  2 worms
  2 dart slugs
  8 orcs
  11 endoplasms
  2 giant cockroaches
  10 goblins
  5 hobgoblins
  7 jackals (D:1)
  7 kobolds
  A quokka (D:3)
  7 ball pythons
  7 bats
  3 frilled lizards
  6 rats
105 creatures vanquished.

Vanquished Creatures (others)
  A fungus (D:3)
  A plant (D:3)
2 creatures vanquished.

Grand Total: 107 creatures vanquished

Notes
Turn   | Place    | Note
-------+----------+-------------------------------------------
     0 | D:1      | tokuyamm9 the Hill Orc Fighter began the quest for the Orb.
     0 | D:1      | Reached XP level 1. HP: 19/19 MP: 1/1
   273 | D:1      | Reached XP level 2. HP: 17/27 MP: 2/2
   823 | D:1      | Reached XP level 3. HP: 29/33 MP: 3/3
  1432 | D:2      | Found an ornate altar of the Wu Jian Council.
  1942 | D:3      | Reached XP level 4. HP: 24/40 MP: 4/4
  2286 | D:2      | Reached XP level 5. HP: 39/47 MP: 5/5
  2558 | D:3      | Found a faded altar of an unknown god.
  2864 | D:3      | HP: 1/47 [orc wizard (3)]
  3465 | D:3      | Reached skill level 5 in Fighting
  3599 | D:3      | Reached XP level 6. HP: 54/56 MP: 6/6
  4001 | D:4      | Noticed Eustachio
  4132 | D:4      | Reached skill level 5 in Axes
  4322 | D:4      | Found a bloodstained altar of Trog.
  4485 | D:4      | You fall into a shaft and drop 3 floors!
  4549 | D:6      | Reached skill level 5 in Armour
  4549 | D:6      | Reached skill level 5 in Shields
  4549 | D:6      | Reached XP level 7. HP: 45/61 MP: 7/7
  4648 | D:5      | Entered Level 5 of the Dungeon
  5456 | D:6      | Identified the +0 robe of the Camelopard {Rampage rPois
                  | Int+4 Dex+2}
  5477 | D:6      | Found Jenimu's Antique Weapon Emporium.
  5610 | D:6      | Noticed a wyvern
  5624 | D:6      | Slain by a wyvern

Illustrated notes

Levels and vault maps discovered:
D:1:      dpeg_arrival_erosion, layout_basic
D:2:      wander_river, layout_rooms, basic_altar
D:3:      minmay_chambers_of_threes, layout_loops_ring,
          dreamdust_ecumenical_altar_grove
D:4:      layout_loops_ring, mainiacjoe_overflow_concentric_impassable,
          grunt_ministairs_4, minivault_26, uniq_grinder, uniq_eustachio,
          uniq_duvessa
D:5:      layout_basic, yredelemnul_altar_generic, lightli_temple_of_fire,
          overflow_temple_1_default, minmay_temple_entry_gardened_gates,
          minmay_misc_feat_rugged
D:6:      layout_loops_ring, mainiacjoe_overflow_alcove_2, serial_shops,
          nicolae_stop_n_shop_1
D:7:      layout_gridville, gammafunk_ghost_stat_death, minmay_hedge_maze,
          kennysheep_generic_room_4

Skill      XL: |  1  2  3  4  5  6  7 |
---------------+----------------------+-----
Axes           | 3 4 5 6 |  6.1
Fighting       | 4 5 6 |  6.1
Armour         | 4 5 |  5.5
Shields        | 4 5 |  5.6

Action                   |  1- 3 |  4- 6 |  7- 9 || total
-------------------------+-------+-------+-------++-------
Melee: War axe           |   138 |   214 |    57 ||   409
  Use: Scroll            |     2 |     2 |       ||     4
Armor: Scale mail        |   102 |   139 |    25 ||   266
Dodge: Dodged            |    58 |    75 |    13 ||   146
Block: Kite shield       |    98 |   148 |       ||   246
       Tower shield      |       |    16 |    70 ||    86
